 Dungeon Crawl Stone Soup version 0.32-a0-86-g8db1b9f803 (webtiles) character file.

Game seed: 8591742815137464979

113 zenocrate the Chopper (level 4, 0/39 HPs)
             Began as a Minotaur Delver on Feb 6, 2024.
             Was an Initiate of Qazlal.
             Slain by a kobold brigand
             ... wielding a +0 dagger
              (1 damage)
             ... in a sewer.
             The game lasted 00:01:37 (673 turns).

zenocrate the Chopper (Minotaur Delver)              Turns: 673, Time: 00:01:38

Health: 0/39       AC:  6    Str: 18    XL:     4   Next: 65%
Magic:  4/4        EV: 11    Int:  7    God:    Qazlal [......]
Gold:   19         SH:  0    Dex: 12    Spells: 3/3 levels left

rFire   . . .        a - +0 hand axe
rCold   . . .        (no shield)
rNeg    . . .        i - +0 ring mail
rPois   .            (helmet restricted)
rElec   .            (no cloak)
rCorr   .            (no gloves)
SInv    .            b - +0 pair of boots
Will    .....        (no amulet)
Stlth   ++           (no ring)
HPRegen 0.26/turn    (no ring)
MPRegen 0.09/turn

%: no passive effects
@: no status effects
A: horns 2, retaliatory headbutt
a: Renounce Religion


You were in a sewer.
You worshipped Qazlal.
Qazlal was noncommittal.
You visited 2 branches of the dungeon, and saw 4 of its levels.
You also visited: Sewer.

You collected 19 gold pieces.

Inventory:

Hand Weapons
 a - a +0 hand axe (weapon)
Armour
 b - a +0 pair of boots (worn)
 i - a +0 ring mail (worn)
Wands
 g - a wand of digging (3)
Scrolls
 c - a scroll of fog
 e - a scroll of fear
 h - a scroll of enchant armour {unknown}
Potions
 f - a potion of haste


   Skills:
 - Level 3.6 Fighting
 + Level 5.2 Axes
 - Level 2.1 Dodging
 - Level 4.1 Stealth
 + Level 2.1 Invocations


You had 3 spell levels left.
You didn't know any spells.
Your spell library was empty.

Dungeon Overview and Level Annotations

Branches:
Dungeon (5/15)             Temple (1/1) D:5           Sewer (1/1)

Altars:
Dithmenos
Gozag
Hepliaklqana
Kikubaaqudgha
Makhleb
Nemelex Xobeh
Qazlal
Sif Muna
Trog
Wu Jian
Zin


Innate Abilities, Weirdness & Mutations

You have a pair of horns on your head.
You reflexively headbutt those who attack you in melee.


Message History

Unknown command.
Unknown command.
You hit the kobold brigand.
The kobold brigand is moderately wounded.
You feel sick. The kobold brigand closely misses you.
Unknown command.
You hit the kobold brigand.
The kobold brigand is moderately wounded.
You feel sick.
The kobold brigand hits you but does no damage.
Unknown command.
Unknown command.
You barely miss the kobold brigand.
Your headbutt misses the kobold brigand.
The kobold brigand is moderately wounded.
You feel sick.
The kobold brigand hits you but does no damage.
Unknown command.
Unknown command.
You barely miss the kobold brigand. You headbutt the kobold brigand!
The kobold brigand is severely wounded.
You feel sick.
The kobold brigand hits you with a +0 dagger.
* * * LOW HITPOINT WARNING * * *
Unknown command.
Unknown command.
Okay, then.
You hit the kobold brigand.
The kobold brigand is almost dead.
* * * LOW HITPOINT WARNING * * *
You feel sick.
You are no longer poisoned.
The kobold brigand hits you but does no damage.
Unknown command.
Unknown command.
You barely miss the kobold brigand.
Your headbutt misses the kobold brigand.
The kobold brigand is almost dead.
The kobold brigand hits you with a +0 dagger.
You die...

##~..##
#~....####~!.
#.....≈≈≈≈~..
#...~.####~..
##.~.## ##.##
#.# #.# #@#
#K# .K. ..~!.
##...## #####


You could see a kobold brigand and a kobold.

Vanquished Creatures
  2 hounds
  2 adders
  2 river rats
  A dart slug (D:3)
  A ball python (Sewer)
  2 endoplasms
  A giant cockroach (D:3)
  A hobgoblin (D:4)
  2 quokkas
  A bat (D:3)
  A kobold (Sewer)
  A rat (D:3)
17 creatures vanquished.

Notes
Turn   | Place    | Note
-------+----------+-------------------------------------------
     0 | D:5      | zenocrate the Minotaur Delver began the quest for the Orb.
     0 | D:5      | Reached XP level 1. HP: 19/19 MP: 0/0
    17 | D:5      | Found a staircase to the Ecumenical Temple.
    95 | Temple   | Entered the Ecumenical Temple
   140 | Temple   | Became a worshipper of Qazlal Stormbringer
   257 | D:5      | Noticed a hound
   269 | D:5      | Killed a hound
   270 | D:5      | Reached skill level 4 in Axes
   270 | D:5      | Reached XP level 2. HP: 10/26 MP: 1/1
   270 | D:5      | Reached XP level 3. HP: 12/31 MP: 2/2
   369 | D:4      | Found a shimmering blue altar of Sif Muna.
   373 | D:4      | Reached skill level 1 in Invocations
   430 | D:3      | Reached XP level 4. HP: 37/39 MP: 4/4
   478 | D:3      | Reached skill level 5 in Axes
   489 | D:3      | Found a glowing drain.
   493 | Sewer    | Entered a sewer
   658 | Sewer    | Noticed a kobold brigand
   671 | Sewer    | HP: 1/39 [kobold brigand/+0 dagger (2)]
   673 | Sewer    | Slain by a kobold brigand

Illustrated notes

Levels and vault maps discovered:
D:3:      layout_loops_corners, gup_sewer_entry_bowl, uniq_natasha, uniq_jessica
D:4:      layout_loops_ring, cheibriados_altar_1, old_standard_altar,
          mainiacjoe_overflow_tiny_flanked, uniq_grinder, uniq_robin
D:5:      layout_basic, mainiacjoe_overflow_alcove_4,
          minmay_temple_entry_glassed_door
Temple:   zaba_magenta_temple
Sewer:    sewer_co_15_rooms

Skill      XL: |  1  2  3  4 |
---------------+-------------+-----
Axes           | 4 5 |  5.2
Invocations    | 1 2 |  2.1
Fighting       | |  3.6
Dodging        | |  2.1
Stealth        | |  4.1

Action                     |  1- 3 |  4- 6 || total
---------------------------+-------+-------++-------
  Melee: Hand axe          |    22 |    53 ||    75
         Headbutt          |     1 |     5 ||     6
    Use: Scroll            |     1 |       ||     1
   Stab: Sleeping          |     1 |       ||     1
 Armour: Leather armour    |     6 |       ||     6
         Ring mail         |     7 |    33 ||    40
  Dodge: Dodged            |    16 |    33 ||    49

Table legend: (Time is in decaauts)
 A = Elapsed time spent in this place.
 B = Non-inter-level travel time spent in this place.
 C = Inter-level travel time spent in this place.
 D = Time resting spent in this place.
 E = Time spent auto-exploring this place.
 F = Levels seen in this place.
 G = Mean time per level.
                   A        B        C        D        E       F      G
               +--------+--------+--------+--------+--------+-----+--------+
         Total |    687 |    566 |    121 |      0 |    343 |   5 |  137.4 |
       Dungeon |    437 |    376 |     61 |      0 |    213 |   3 |  145.7 |
        Temple |     62 |      2 |     60 |      0 |      0 |   1 |   62.0 |
         Sewer |    186 |    186 |      0 |      0 |    130 |   1 |  186.0 |
               +--------+--------+--------+--------+--------+-----+--------+

Top non-repeatable levels by time:
     D:5: 265 daAuts
   Sewer: 186 daAuts
     D:4: 88 daAuts
     D:3: 84 daAuts
  Temple: 62 daAuts
